SAAA
PLYMOUTH ROCKS @ SYRACUSE STARKS
08/12/2038
 
TOP OF THE 1ST
Plymouth Rocks batting - Pitching for Syracuse Starks : RHP Robinson Suárez
Pitching: RHP Robinson Suárez
Batting: LHB Tillmam Cru 0-0: Called Strike
0-1: Fly out, F9 (Flyball, 89S, EV 93.1 MPH)
Batting: RHB Noel Peterson 0-0: Ball
1-0: Ball
2-0: Ball
3-0: Called Strike
3-1: Foul Ball, location: 2F
3-2: Base on Balls
Batting: LHB Jesús Guillén 0-0: Ball
Noel Peterson steals 2nd base
1-0: Foul Ball, location: 2F
1-1: Ball
2-1: Foul Ball, location: 2F
2-2: Reached on error, E4 (Groundball, 4, EV 100.0 MPH)
Noel Peterson to third
Batting: LHB Marvello Obra 0-0: DOUBLE (Line Drive, 9LM, EV 108.1 MPH)
Noel Peterson scores
Jesús Guillén to third
Runner from 3rd tries for Home, SAFE, no throw by RF
Batting: SHB Javier Murillo 0-0: SINGLE (Groundball, 34D, EV 101.9 MPH)
Marvello Obra to third
Runner from 3rd tries for Home, SAFE, no throw by RF
Batting: LHB Jeff Lawson 0-0: Called Strike
0-1: Ball
1-1: Called Strike
Javier Murillo steals 2nd base
1-2: DOUBLE (Groundball, 3L, EV 101.9 MPH)
Javier Murillo scores
Batting: RHB Lex van Esch 0-0: SINGLE (Groundball, 56S, EV 92.5 MPH) (infield hit)
Jeff Lawson to third
Batting: RHB Wade Tazewell 0-0: Called Strike
0-1: Ball
1-1: Called Strike
1-2: Grounds into double play, 6-4-3 (Groundball, 6, EV 88.1 MPH)
Top of the 1st over - 4 runs, 4 hits, 1 error, 1 left on base; Plymouth 4 - Syracuse 0
BOTTOM OF THE 1ST
Syracuse Starks batting - Pitching for Plymouth Rocks : RHP Nebosja Draskovic
Pitching: RHP Nebosja Draskovic
Batting: RHB Damon Newbold 0-0: Called Strike
0-1: Fly out, F4 (Flyball, 34D, EV 97.5 MPH)
Batting: SHB Soren Loen 0-0: Fly out, F7 (Flyball, 7LSF, EV 81.9 MPH)
Batting: LHB Gary Malone 0-0: Fly out, F7 (Flyball, 7, EV 87.5 MPH)
Bottom of the 1st over - 0 runs, 0 hits, 0 errors, 0 left on base; Plymouth 4 - Syracuse 0
TOP OF THE 2ND
Plymouth Rocks batting - Pitching for Syracuse Starks : RHP Robinson Suárez
Batting: RHB António Avery 0-0: Ball
1-0: Ground out 6-3 (Groundball, 6S, EV 72.5 MPH)
Batting: LHB Tillmam Cru 0-0: Foul Ball, location: 2F
0-1: Foul Ball, location: 2F
0-2: Ball
1-2: Strikes out swinging
Batting: RHB Noel Peterson 0-0: Ball
1-0: Fly out, F9 (Flyball, 9S, EV 88.1 MPH)
Top of the 2nd over - 0 runs, 0 hits, 0 errors, 0 left on base; Plymouth 4 - Syracuse 0
BOTTOM OF THE 2ND
Syracuse Starks batting - Pitching for Plymouth Rocks : RHP Nebosja Draskovic
Batting: RHB Enrique Rocha 0-0: Ball
1-0: Ball
2-0: Called Strike
2-1: SINGLE (Flyball, 4MD, EV 91.2 MPH)
Batting: RHB Akke Derksen 0-0: Grounds into double play, 4-6-3 (Groundball, 34, EV 86.9 MPH)
Batting: LHB António Boccanegra 0-0: Foul Ball, location: 2F
0-1: Foul Ball, location: 2F
0-2: Ball
1-2: Ball
2-2: Fly out, F8 (Flyball, 8RD, EV 105.0 MPH)
Bottom of the 2nd over - 0 runs, 1 hit, 0 errors, 0 left on base; Plymouth 4 - Syracuse 0
TOP OF THE 3RD
Plymouth Rocks batting - Pitching for Syracuse Starks : RHP Robinson Suárez
Batting: LHB Jesús Guillén 0-0: Called Strike
0-1: Fly out, F7 (Flyball, 7LM, EV 89.4 MPH)
Batting: LHB Marvello Obra 0-0: Ball
1-0: Called Strike
1-1: Fly out, F7 (Flyball, 7LS, EV 92.5 MPH)
Batting: SHB Javier Murillo 0-0: Called Strike
0-1: Ball
1-1: Fly out, F8 (Flyball, 8RXD, EV 93.8 MPH)
Top of the 3rd over - 0 runs, 0 hits, 0 errors, 0 left on base; Plymouth 4 - Syracuse 0
BOTTOM OF THE 3RD
Syracuse Starks batting - Pitching for Plymouth Rocks : RHP Nebosja Draskovic
Batting: RHB Thom Beach 0-0: Ball
1-0: Ball
2-0: Fly out, F7 (Flyball, 78S, EV 96.2 MPH)
Batting: RHB Enrico Sánchez 0-0: Called Strike
0-1: Ground out 1-3 (Groundball, 34S, EV 86.2 MPH)
Batting: RHB Atanza Vongor 0-0: Fly out, F9 (Flyball, 9, EV 95.0 MPH)
Bottom of the 3rd over - 0 runs, 0 hits, 0 errors, 0 left on base; Plymouth 4 - Syracuse 0
TOP OF THE 4TH
Plymouth Rocks batting - Pitching for Syracuse Starks : RHP Robinson Suárez
Batting: LHB Jeff Lawson 0-0: Called Strike
0-1: Called Strike
0-2: Ball
1-2: Strikes out swinging, 2-3 out at first.
Batting: RHB Lex van Esch 0-0: Fly out, F4 (Popup, 34S, EV 77.5 MPH)
Batting: RHB Wade Tazewell 0-0: Called Strike
0-1: Swinging Strike
0-2: Strikes out swinging
Top of the 4th over - 0 runs, 0 hits, 0 errors, 0 left on base; Plymouth 4 - Syracuse 0
BOTTOM OF THE 4TH
Syracuse Starks batting - Pitching for Plymouth Rocks : RHP Nebosja Draskovic
Batting: RHB Damon Newbold 0-0: Called Strike
0-1: Ball
1-1: Called Strike
1-2: Strikes out swinging
Batting: SHB Soren Loen 0-0: SINGLE (Line Drive, 89M, EV 90.0 MPH)
Batting: LHB Gary Malone 0-0: Called Strike
0-1: Ball
1-1: Ball
2-1: Ball
3-1: Swinging Strike
3-2: Strikes out swinging
Soren Loen is caught stealing 2nd base 2-6
Batter strikes out.
Bottom of the 4th over - 0 runs, 1 hit, 0 errors, 0 left on base; Plymouth 4 - Syracuse 0
TOP OF THE 5TH
Plymouth Rocks batting - Pitching for Syracuse Starks : RHP Robinson Suárez
Batting: RHB António Avery 0-0: Fly out, F8 (Line Drive, 8LD, EV 103.8 MPH)
Batting: LHB Tillmam Cru 0-0: Called Strike
0-1: Ball
1-1: Foul Ball, location: 2F
1-2: Ball
2-2: Foul Ball, location: 2F
2-2: Ball
3-2: Foul Ball, location: 2F
3-2: Fly out, F4 (Line Drive, 4, EV 73.8 MPH)
Batting: RHB Noel Peterson 0-0: Called Strike
0-1: Ball
1-1: Fly out, F3 (Popup, 3S, EV 83.8 MPH)
Top of the 5th over - 0 runs, 0 hits, 0 errors, 0 left on base; Plymouth 4 - Syracuse 0
BOTTOM OF THE 5TH
Syracuse Starks batting - Pitching for Plymouth Rocks : RHP Nebosja Draskovic
Batting: RHB Enrique Rocha 0-0: Fly out, F9 (Flyball, 89XD, EV 101.2 MPH)
Batting: RHB Akke Derksen 0-0: Called Strike
0-1: Fly out, F2 (Popup, 13S, EV 86.9 MPH)
Batting: LHB António Boccanegra 0-0: Called Strike
0-1: SINGLE (Groundball, 23, EV 78.1 MPH) (infield hit)
Batting: RHB Thom Beach 0-0: Hit by Pitch
António Boccanegra to second
Batting: RHB Enrico Sánchez 0-0: Called Strike
0-1: Swinging Strike
0-2: Foul Ball, location: 2F
0-2: Ball
1-2: Ball
2-2: Ball
3-2: Ground out 4-3 (Groundball, 34, EV 82.5 MPH)
Bottom of the 5th over - 0 runs, 1 hit, 0 errors, 2 left on base; Plymouth 4 - Syracuse 0
TOP OF THE 6TH
Plymouth Rocks batting - Pitching for Syracuse Starks : RHP Robinson Suárez
Batting: LHB Jesús Guillén 0-0: Ball
1-0: Ball
2-0: Called Strike
2-1: Ground out U3 (Groundball, 3L, EV 110.6 MPH)
Batting: LHB Marvello Obra 0-0: Fly out, F6 (Popup, 15, EV 86.9 MPH)
Batting: SHB Javier Murillo 0-0: SINGLE (Groundball, 6MD, EV 105.6 MPH)
Batting: LHB Jeff Lawson 0-0: Ball
1-0: Ball
2-0: Ball
3-0: Base on Balls
Javier Murillo to second
Batting: RHB Lex van Esch 0-0: DOUBLE (Groundball, 5L, EV 104.4 MPH)
Javier Murillo scores
Jeff Lawson to third
Pitching: RHP David Aguilar
Batting: RHB Wade Tazewell 0-0: Foul Ball, location: 2F
0-1: Swinging Strike
0-2: Fly out, F5 (Line Drive, 5, EV 72.5 MPH)
Top of the 6th over - 1 run, 2 hits, 0 errors, 2 left on base; Plymouth 5 - Syracuse 0
BOTTOM OF THE 6TH
Syracuse Starks batting - Pitching for Plymouth Rocks : RHP Nebosja Draskovic
Batting: RHB Atanza Vongor 0-0: Ball
1-0: Ball
2-0: SINGLE (Groundball, 4MD, EV 101.2 MPH)
Batting: RHB Damon Newbold 0-0: Ball
1-0: Called Strike
1-1: Swinging Strike
1-2: Foul Ball, location: 2F
1-2: Fielders Choice at 2nd, 2-6 (Groundball, 2R, EV 61.9 MPH)
Batting: SHB Soren Loen 0-0: Called Strike
0-1: Ball
1-1: Ball
2-1: Fly out, F8 (Line Drive, 8RM, EV 98.1 MPH)
Batting: LHB Gary Malone 0-0: Called Strike
0-1: Swinging Strike
0-2: Ball
1-2: Ball
2-2: Foul Ball, location: 2F
2-2: Strikes out swinging
Bottom of the 6th over - 0 runs, 1 hit, 0 errors, 1 left on base; Plymouth 5 - Syracuse 0
TOP OF THE 7TH
Plymouth Rocks batting - Pitching for Syracuse Starks : RHP David Aguilar
Batting: RHB António Avery 0-0: Ball
1-0: Ground out 4-3 (Groundball, 4, EV 96.2 MPH)
Batting: LHB Tillmam Cru 0-0: Called Strike
0-1: Ball
1-1: Ball
2-1: Foul Ball, location: 2F
2-2: Strikes out swinging
Batting: RHB Noel Peterson 0-0: Ground out 6-3 (Groundball, 56, EV 100.0 MPH)
Top of the 7th over - 0 runs, 0 hits, 0 errors, 0 left on base; Plymouth 5 - Syracuse 0
BOTTOM OF THE 7TH
Syracuse Starks batting - Pitching for Plymouth Rocks : RHP Nebosja Draskovic
Batting: RHB Enrique Rocha 0-0: Foul Ball, location: 2F
0-1: DOUBLE (Flyball, 78XD, EV 106.2 MPH)
Batting: RHB Akke Derksen 0-0: Called Strike
0-1: Ball
1-1: Foul Ball, location: 2F
1-2: Ground out 6-3 (Groundball, 6S, EV 79.4 MPH)
Enrique Rocha to third
Batting: LHB António Boccanegra 0-0: Called Strike
0-1: SINGLE (Line Drive, 89S, EV 107.5 MPH)
Enrique Rocha scores
Batting: RHB Thom Beach 0-0: Ball
1-0: Fly out, F8 (Flyball, 8LM, EV 76.9 MPH)
Batting: RHB Enrico Sánchez 0-0: Ball
1-0: Called Strike
1-1: Called Strike
1-2: Ball
2-2: Ball
3-2: Base on Balls
António Boccanegra to second
Batting: RHB Atanza Vongor 0-0: Ball
1-0: Foul Ball, location: 2F
1-1: Ground out 4-3 (Groundball, 4, EV 87.5 MPH)
Bottom of the 7th over - 1 run, 2 hits, 0 errors, 2 left on base; Plymouth 5 - Syracuse 1
TOP OF THE 8TH
Plymouth Rocks batting - Pitching for Syracuse Starks : RHP David Aguilar
Batting: LHB Jesús Guillén 0-0: Swinging Strike
0-1: Ground out 4-3 (Groundball, 4, EV 91.2 MPH)
Batting: LHB Marvello Obra 0-0: Called Strike
0-1: Ball
1-1: Ground out 4-3 (Groundball, 4, EV 91.2 MPH)
Batting: SHB Javier Murillo 0-0: Ground out U3 (Groundball, 34S, EV 85.0 MPH)
Top of the 8th over - 0 runs, 0 hits, 0 errors, 0 left on base; Plymouth 5 - Syracuse 1
BOTTOM OF THE 8TH
Syracuse Starks batting - Pitching for Plymouth Rocks : RHP Nebosja Draskovic
Batting: RHB Damon Newbold 0-0: Ball
1-0: Ground out 5-3 (Groundball, 5L, EV 84.4 MPH)
Batting: SHB Soren Loen 0-0: Swinging Strike
0-1: Ball
1-1: Ball
2-1: Ball
3-1: Base on Balls
Pitching: RHP Tim Nesheim
Batting: LHB Gary Malone 0-0: Ball
1-0: Foul Ball, location: 2F
1-1: Ball
2-1: Ball
3-1: Called Strike
3-2: Foul Ball, location: 2F
3-2: Foul Ball, location: 2F
3-2: Base on Balls
Soren Loen to second
Batting: RHB Enrique Rocha 0-0: Called Strike
0-1: Hit by Pitch
Soren Loen to third
Gary Malone to second
Batting: RHB Akke Derksen 0-0: Fly out, F8 (Flyball, 8RM, EV 84.4 MPH)
Runner from 3rd tags up, SCORES, throw by CF
Batting: LHB António Boccanegra 0-0: Fly out, F5 (Line Drive, 5, EV 68.8 MPH)
Bottom of the 8th over - 1 run, 0 hits, 0 errors, 2 left on base; Plymouth 5 - Syracuse 2
TOP OF THE 9TH
Plymouth Rocks batting - Pitching for Syracuse Starks : RHP David Aguilar
Batting: LHB Jeff Lawson 0-0: Ball
1-0: Foul Ball, location: 2F
1-1: Foul Ball, location: 2F
1-2: Foul Ball, location: 2F
1-2: Ground out U3 (Groundball, 34, EV 87.5 MPH)
Batting: RHB Lex van Esch 0-0: Ball
1-0: SOLO HOME RUN (Line Drive, 7D, EV 104.4 MPH), Distance : 383 ft
Batting: RHB Wade Tazewell 0-0: Called Strike
0-1: Swinging Strike
0-2: Foul Ball, location: 2F
0-2: Ball
1-2: Ball
2-2: Fly out, F9 (Flyball, 9, EV 95.0 MPH)
Batting: RHB António Avery 0-0: Ground out 4-3 (Groundball, 4, EV 90.6 MPH)
Top of the 9th over - 1 run, 1 hit, 0 errors, 0 left on base; Plymouth 6 - Syracuse 2
BOTTOM OF THE 9TH
Syracuse Starks batting - Pitching for Plymouth Rocks : RHP Tim Nesheim
Batting: RHB Thom Beach 0-0: Foul Ball, location: 2F
0-1: Foul Ball, location: 2F
0-2: Ball
1-2: Foul Ball, location: 2F
1-2: Foul Ball, location: 2F
1-2: Fly out, F1 (Line Drive, P, EV 61.9 MPH)
Batting: RHB Enrico Sánchez 0-0: Ball
1-0: DOUBLE (Line Drive, 89XD, EV 107.5 MPH)
Batting: RHB Atanza Vongor 0-0: Fly out, F8 (Line Drive, 8RM, EV 93.8 MPH)
Batting: RHB Damon Newbold 0-0: Swinging Strike
0-1: Called Strike
0-2: Ball
1-2: Strikes out swinging
Bottom of the 9th over - 0 runs, 1 hit, 0 errors, 1 left on base; Plymouth 6 - Syracuse 2
Friday, April 17th, 2020 - OOTP Baseball 20.8 Build 74